 Seeded DCSS version 0.30-a0-596-g0af90f9a20 (webtiles) character file.

Game seed: 11958781473241049316 (custom seed)

2207 Juicyj the Blocker (level 9, -1/81 HPs)
             Began as a Minotaur Fighter on Jan 6, 2023.
             Slain by a bullfrog (7 damage)
             ... on level 6 of the Dungeon.
             The game lasted 00:05:18 (5623 turns).

Juicyj the Blocker (Minotaur Fighter)               Turns: 5623, Time: 00:05:19

Health: -1/81      AC:  8    Str: 22    XL:     9   Next: 13%
Magic:  8/8        EV: 14    Int:  5    God:
Gold:   425        SH:  6    Dex: 13    Spells: 8/8 levels left

rFire   . . .      SeeInvis +    a - +0 trident
rCold   . . .      Faith    .    c - +0 buckler
rNeg    . . .      Spirit   .    b - +0 scale mail
rPois   .          Reflect  .    (helmet restricted)
rElec   .          Harm     .    (no cloak)
rCorr   .          Rampage  .    (no gloves)
Will    .....                    (no boots) Stlth
                                 (no amulet)
HPRegen 0.33/turn                h - +5 ring of evasion
MPRegen 0.11/turn                B - ring of see invisible

@: lethally poisoned (-1 -> -6), slowed, very slow
A: horns 2, retaliatory headbutt
a: no special abilities


You were on level 6 of the Dungeon.
You visited 1 branch of the dungeon, and saw 7 of its levels.

You collected 425 gold pieces.

Inventory:

Hand Weapons
 a - a +0 trident (weapon)
 k - a +0 sling of draining
Armour
 b - a +0 scale mail (worn)
 c - a +0 buckler (worn)
Jewellery
 h - a +5 ring of evasion (left hand)
 n - a ring of resist corrosion
 q - a ring of wizardry
 B - a ring of see invisible (right hand)
 C - a ring of ice
Scrolls
 e - a scroll of torment
 f - a scroll of summoning {unknown}
 g - a scroll of identify
 i - 2 scrolls of fear
 j - a scroll of vulnerability
 o - a scroll of enchant weapon {unknown}
 p - 4 scrolls of magic mapping
 u - a scroll of noise
 v - a scroll of fog {unknown}
 y - a scroll of teleportation {unknown}
 A - a scroll of poison {unknown}
Potions
 d - 2 potions of might
 m - 2 potions of heal wounds
 r - a potion of haste {unknown}
 s - a potion of ambrosia {unknown}
 t - a potion of attraction
 x - a potion of flight {unknown}
 z - 2 potions of brilliance {unknown}
 D - a potion of mutation {unknown}


   Skills:
 + Level 8.1 Fighting
 + Level 7.6 Polearms
 + Level 8.1 Armour
 + Level 8.1 Shields


You had 8 spell levels left.
You didn't know any spells.
Your spell library contained the following spells:

 Spells                   Type           Power      Damage    Failure   Level
 Ensorcelled Hibernation  Hex/Ice        0%         N/A       93%         2
 Spider Form              Tmut/Pois      0%         N/A       99%         3
 Stone Arrow              Conj/Erth      0%         3d7       99%         3
 Anguish                  Hex/Necr       0%         N/A       100%        4
 Animate Armour           Summ/Erth      0%         N/A       100%        4
 Lehudib's Crystal Spear  Conj/Erth      0%         10d2      100%        8


Dungeon Overview and Level Annotations

Branches:
Dungeon (7/15)             Temple (0/1) D:6

Altars:

Shops:
D:5 [


Innate Abilities, Weirdness & Mutations

You have a pair of horns on your head.
You reflexively headbutt those who attack you in melee.


Message History

You are poisoned.
You feel as though you will be slow longer.
The bullfrog hits you!
* * * LOW HITPOINT WARNING * * *
You block the killer bee's attack. The hornet closely misses you.
You feel much better.
You feel very sick. The killer bee stings you.
You are more poisoned.
The killer bee poisons you!
The bullfrog hits you but does no damage.
The hornet stings you but does no damage.
The killer bee closely misses you. You furiously retaliate!
You headbutt the killer bee!
You kill the killer bee!
The bullfrog barely misses you. You block the hornet's attack.
You block the bullfrog's attack.
You barely miss the hornet. You headbutt the hornet.
The hornet is lightly wounded.
You feel very sick. The hornet closely misses you.
The bullfrog closely misses you. You furiously retaliate!
You headbutt the bullfrog. You block the hornet's attack.
The bullfrog barely misses you.
You hit the hornet but do no damage. Your headbutt misses the hornet.
The hornet is lightly wounded.
You feel yourself speed up.
You feel very sick. The hornet stings you!
* * * LOW HITPOINT WARNING * * *
You feel yourself slow down. You block the bullfrog's attack.
The hornet stings you.
* * * LOW HITPOINT WARNING * * *
You feel as though you will be slow longer.
The bullfrog hits you but does no damage.
You hit the hornet. You headbutt the hornet.
The hornet is moderately wounded.
* * * LOW HITPOINT WARNING * * *
You feel very sick. The hornet misses you. The bullfrog hits you!
You die...

##.....>.##.###........##...
#..#.........#..............
#..##..#...#................
######......#..###.......#.......
#..........###..####.............
..####.....#.....###.....[.......
.........#.##.....##.......##....
..#...##....#..y.†...............
...#.#..#.......@#............#..
#..#....#.##...F##............###
.##....#.....................####
....>.....#..................#.##
.#....##.............#...........
#....#..#.........##.##.......##.
#..#.#...............#...........
.##...#................[.........
........#.............[<<.......#


You could see a hornet and a bullfrog.

Vanquished Creatures
  An ice beast (D:6)
  A black bear (D:5)
  An orc warrior (D:6)
  2 centaurs
  3 ogres
  A phantom (D:5)
  A bullfrog (D:6)
  A necrophage (D:5)
  4 scorpions
  3 wights (D:6)
  5 killer bees (D:6)
  A vampire bat (D:3)
  5 hounds
  A jelly (D:6)
  3 iguanas
  5 orc wizards
  2 adders
  7 gnolls
  A white imp (D:6)
  2 ufetubi
  A worm (D:2)
  4 dart slugs
  3 fire bats (D:3)
  25 orcs
  2 spectral bats (D:3)
  3 bat skeletons (D:3)
  A bat zombie (D:3)
  4 endoplasms
  2 giant cockroaches
  12 goblins
  7 hobgoblins
  9 kobolds
  6 quokkas
  5 ball pythons
  15 bats
  A bat simulacrum (D:3)
  2 frilled lizards (D:1)
  A rat (D:2)
153 creatures vanquished.

Notes
Turn   | Place    | Note
-------+----------+-------------------------------------------
     0 | D:1      | Juicyj the Minotaur Fighter began the quest for the Orb.
     0 | D:1      | Reached XP level 1. HP: 19/19 MP: 0/0
    51 | D:1      | Reached XP level 2. HP: 27/27 MP: 1/1
   638 | D:2      | Reached XP level 3. HP: 33/33 MP: 2/2
   687 | D:2      | Reached XP level 4. HP: 21/41 MP: 3/3
  1549 | D:3      | Noticed an ogre
  1554 | D:3      | Killed an ogre
  1555 | D:3      | Reached XP level 5. HP: 7/47 MP: 4/4
  2200 | D:3      | Reached skill level 5 in Fighting
  2208 | D:3      | Reached skill level 5 in Armour
  2208 | D:3      | Reached skill level 5 in Shields
  2220 | D:3      | Reached XP level 6. HP: 56/56 MP: 5/5
  3010 | D:4      | Reached skill level 5 in Polearms
  3010 | D:4      | Reached XP level 7. HP: 36/62 MP: 6/6
  3659 | D:5      | Entered Level 5 of the Dungeon
  3912 | D:5      | Reached XP level 8. HP: 68/71 MP: 7/7
  3966 | D:5      | Found Moore's Dragon-Slaying Spoils.
  5000 | D:6      | Found a staircase to the Ecumenical Temple.
  5207 | D:6      | Reached XP level 9. HP: 53/80 MP: 8/8
  5616 | D:6      | Paralysed by a hornet for 2 turns
  5623 | D:6      | Slain by a bullfrog

Illustrated notes

Levels and vault maps discovered:
D:1:      lightli_arrival_chessboard, layout_loops_ring
D:2:      layout_loops_cross, kennysheep_crisscross
D:3:      minmay_wonky_spiral, layout_basic, chequers_serial_rivers_small_b,
          goddamned_bats
D:4:      layout_loops_ring
D:5:      layout_rooms, nicolae_shop_dragon_depot
D:6:      layout_cave_pools, minmay_temple_entry_mini_moons
D:7:      layout_rooms, uniq_menkaure

Skill      XL: |  1  2  3  4  5  6  7  8  9 |
---------------+----------------------------+-----
Fighting       | 4 5 6 7 8 |  8.1
Armour         | 4 5 6 7 8 |  8.1
Shields        | 4 5 6 7 8 |  8.1
Polearms       | 3 4 5 6 7 |  7.6

Action                   |  1- 3 |  4- 6 |  7- 9 || total
-------------------------+-------+-------+-------++-------
Melee: Trident           |    72 |   181 |   192 ||   445
       Headbutt          |     6 |    29 |    30 ||    65
Throw: Throwing net      |       |       |     2 ||     2
  Use: Scroll            |       |       |    10 ||    10
       Potion            |       |       |     2 ||     2
 Stab: Distracted        |       |       |     1 ||     1
Armor: Scale mail        |    23 |    81 |    67 ||   171
Dodge: Dodged            |    26 |    71 |   141 ||   238
Block: Buckler           |    10 |    38 |    61 ||   109

Table legend: (Time is in decaauts)
 A = Elapsed time spent in this place.
 B = Non-inter-level travel time spent in this place.
 C = Inter-level travel time spent in this place.
 D = Time resting spent in this place.
 E = Time spent auto-exploring this place.
 F = Levels seen in this place.
 G = Mean time per level.
                   A        B        C        D        E       F      G
               +--------+--------+--------+--------+--------+-----+--------+
         Total |   5669 |   5410 |    259 |    510 |   3978 |   7 |  809.9 |
       Dungeon |   5669 |   5410 |    259 |    510 |   3978 |   7 |  809.9 |
               +--------+--------+--------+--------+--------+-----+--------+

Top non-repeatable levels by time:
     D:3: 1385 daAuts
     D:5: 1076 daAuts
     D:4: 940 daAuts
     D:6: 880 daAuts
     D:2: 733 daAuts
     D:1: 641 daAuts
     D:7: 12 daAuts
